cohdb
Replays
Latest Replays
All Replays
Popular Replays
Top Player Replays
Match Explorer
How It Works
Community
CoH3 Stats
Reddit
Sign in to upload your games and track your stats! →
Sign in with Steam
German Steel Das Auto
Match 40110896
Overview
Messages
Build Orders
End
Construct Section Command Post
Dingo Light Scout Car
Selects Air and Sea Battlegroup
Infantry Section
Infantry Section
Construct Platoon Command Post
Selects Supply Surplus
Humber Armored Car
ML 3-inch Mortar Team
6-pounder Anti-tank Gun Team
CMP 15cwt Truck
Selects UNKNOWN (223837)
Infantry Section
Infantry Training
Grenade Package
Construct Resource Cache
Construct Resource Cache
Construct Company Command Post
6-pounder Anti-tank Gun Team
Unlock M3 Grant Medium Tanks
M3 Grant Medium Tank
AI Takeover
Mr.diedsheep
jde513
eorkf9
Happy Se Hyeon
Mochi_flamer
【嗜血狼族】灵狐魅儿
魂归来兮
Tiger Ace
0
0
Comments
sign in to comment!
No comments posted yet!